 Dungeon Crawl Stone Soup version 0.18-a0-1292-ge8ad84c (webtiles) character file.

52810 mrath the Basher (level 14, -10/127 HPs)
             Began as a Hill Orc Berserker on Feb 9, 2016.
             Was the Champion of Trog.
             Mangled by a catoblepas (16 damage)
             ... on level 7 of the Lair of Beasts on Feb 10, 2016.
             The game lasted 02:44:44 (23631 turns).

mrath the Basher (Hill Orc Berserker)              Turns: 23631, Time: 02:44:44

Health: -10/127    AC: 26    Str: 25    XL:     14   Next: 65%
Magic:  0/29       EV: 15    Int:  7    God:    Trog [******]
Gold:   946        SH:  6    Dex: 10    Spells: 0 memorised, 13 levels left

rFire  . . .     SeeInvis +     L - +8 whip of Magnificence {drain, +Fly}
rCold  . . .     Gourm    .     i - +8 ring mail "Emuc" {*Drain rCorr MP+9 SInv}
rNeg   . . .     Faith    .     G - +0 buckler
rPois  .         Spirit   +     f - +0 helmet
rElec  .         Dismiss  .     B - +0 cloak
rCorr  +         Reflect  .     b - +0 pair of gloves
SustAt .         Harm     .     N - +2 pair of boots of the Assassin {DetectMon Stab+ Stlth++}
MR     +....                    V - amulet of guardian spirit
Stlth  +++.......               K - +2 ring of slaying
                                M - +3 ring of protection

@: exhausted, about to teleport, slowed, very slow, somewhat resistant to
hostile enchantments, fairly stealthy
A: no striking features
a: Berserk, Trog's Hand, Brothers in Arms, Burn Spellbooks, Renounce Religion,
Evoke Flight


You were on level 7 of the Lair of Beasts.
You worshipped Trog.
Trog was exalted by your worship.
You were very hungry.

You visited 3 branches of the dungeon, and saw 18 of its levels.
You also visited: Labyrinth and Ossuary.

You collected 946 gold pieces.

Inventory:

Hand Weapons
 e - a +1 morningstar of protection
 r - a +3 dire flail of protection
 H - the +9 hand crossbow of Twilight {elec, Dex+2}
   (You found it on level 7 of the Lair of Beasts)

   It charges the ammunition it shoots with electricity; occasionally upon a
   hit, such missiles may discharge and cause terrible harm.
   It affects your dexterity (+2).
 L - the +8 whip of Magnificence (weapon) {drain, +Fly}
   (You found it on level 4 of the Dungeon)

   A truly terrible weapon, it drains the life of those it strikes.
   It lets you fly.
 T - a +5 eveningstar of holy wrath
Missiles
 c - 31 bolts
 l - 10 javelins
 F - 6 tomahawks (quivered)
Armour
 b - a +0 pair of gloves (worn)
 f - a +0 helmet (worn)
 i - the +8 ring mail "Emuc" (worn) {*Drain rCorr MP+9 SInv}
   (You found it on level 3 of the Lair of Beasts)

   It affects your magic capacity (+9).
   It lets you see invisible.
   It protects you from acid and corrosion.
   It causes draining when unequipped.
 B - a +0 cloak (worn)
 G - a +0 buckler (worn)
 N - the +2 pair of boots of the Assassin (worn) {DetectMon Stab+ Stlth++}
   (You found it on level 5 of the Dungeon)

   It makes you much more stealthy.
Jewellery
 E - an uncursed ring of protection from magic
 K - a +2 ring of slaying (right hand)
 M - a +3 ring of protection (left hand)
 V - an amulet of guardian spirit (around neck)
Wands
 q - a wand of disintegration (17/24)
 z - a wand of acid (9/15)
 J - a wand of iceblast (8/15)
 P - a wand of lightning (10/15)
Scrolls
 a - a scroll of vulnerability {unknown}
 g - 10 scrolls of remove curse
 p - 2 scrolls of identify
 u - 4 scrolls of teleportation
Potions
 j - 4 potions of might
 m - a potion of heal wounds
 n - 11 potions of curing
 I - 2 potions of agility
Miscellaneous
 d - a box of beasts
 v - a stone of tremors
Comestibles
 h - 22 fruits
 k - a slice of pizza
 o - 15 chunks of flesh


   Skills:
 + Level 12.4 Fighting
 + Level 13.6 Maces & Flails
 + Level 11.4 Armour
 + Level 9.2 Dodging
 + Level 11.1 Shields
 + Level 8.5 Evocations


You had 13 spell levels left.
You didn't know any spells.

Dungeon Overview and Level Annotations

Branches:
Dungeon (9/15)             Temple (1/1) D:5            Lair (8/8) D:9
  Swamp (0/4) Lair:3       Spider (0/4) Lair:3        Slime (0/6) Lair:6
    Orc: D:9-12

Altars:
Gozag
Pakellas
Qazlal
Sif Muna
Trog
Vehumet
Zin
Jiyva

Shops:
D:4 *   D:5 *   D:6 (   D:8 }

Annotations:
Lair:3 exclusion: 3 oklob plants


Message History

The catoblepas seems less drained.
The yak is engulfed in calcifying dust.
The yak is moving more slowly.
The catoblepas gores you!
* * * LOW HITPOINT WARNING * * *
The catoblepas breathes a plume of calcifying dust at you.
The blast of calcifying dust hits you!
The catoblepas gores you but does no damage.
The catoblepas misses you. You block the catoblepas's attack.
Drink which item? (? for menu, Esc to quit)
You feel much better.
The yak completely misses the plant.
The catoblepas gores you.
* * * LOW HITPOINT WARNING * * *
The catoblepas gores you!
* * * LOW HITPOINT WARNING * * *
The yak gores the plant but does no damage.
Some of the chunks of flesh in your inventory have rotted away.
Read which item? (? for menu, Esc to quit)
As you read the scroll of teleportation, it crumbles to dust.
You feel strangely unstable.
The yak stops moving altogether!
The catoblepas closely misses you. The catoblepas gores you!
You die...

###.................
#.#.................
#..............#...#
###.#.....###.....##
#..#PP..###..####
#.##P.÷.÷.##..#
##.##P.>÷###P.## ##
##.§P#...÷####..###.
#..@YY.....###......
##.Y................
#..........P.......
#.....#..#P#.###..P
#...##...##########
##...#...# ##.##..
#......#####...#..
###...#.....#.#..#..
#P...##†D........#..


You could see 2 catoblepae and a yak (petrified).

Vanquished Creatures
  Kirke (Lair:6)
  A minotaur (Lab)
  Josephine (Lair:6)
  9 hydras
  5 death yaks
  The ghost of Gagarin the Nimble, a novice DrGl of Okawaru (D:9)
  A hill giant (D:8)
  2 griffons
  An orb spider (Lair:3)
  2 oklob plants (Lair:3)
  23 elephants
  The ghost of kae the Cleaver, a novice HOFi (Ossuary)
  7 black mambas
  7 spiny frogs
  8 komodo dragons
  3 fire drakes
  A minotaur zombie (Lab)
  A merfolk (D:9)
  A polar bear (Lair:5)
  Prince Ribbit (D:5)
  9 blink frogs
  A boulder beetle (Lair:3)
  Sigmund (D:2)
  5 wraiths (Lair:6)
  27 yaks
  A hungry ghost (D:7)
  11 basilisks
  A steam dragon (Lair:2)
  A hog (Lair:6)
  9 hippogriffs
  9 wolves
  The ghost of FrancescoMac the Sneak, an amateur KoAs of Xom (D:3)
  5 swamp worms (Lair:3)
  8 porcupines
  3 orc warriors
  19 water moccasins
  Duvessa (D:7)
  2 sky beasts
  A wasp (D:9)
  An ice beast (D:8)
  3 black bears (D:9)
  3 centaurs
  2 ogres
  15 crocodiles
  2 elf zombies (D:6)
  21 giant frogs
  An earth elemental (Lab)
  4 elf skeletons (D:6)
  Dowan (D:7)
  4 scorpions
  4 killer bees (D:5)
  12 wights
  An electric eel (Lair:3)
  2 crimson imps
  Crazy Yiuf (D:2)
  2 centaur skeletons
  A human zombie (D:6)
  A centaur zombie (D:5)
  3 hounds
  2 giant frog skeletons
  A gnoll shaman (D:6)
  A human skeleton (D:6)
  5 orc priests
  2 jellies
  5 orc wizards
  7 iguanas
  Natasha (twice) (D:2)
  10 worker ants
  A killer bee zombie (D:3)
  7 big kobold zombies (Ossuary)
  A hound skeleton (D:7)
  A hound zombie (D:9)
  A mummy (Ossuary)
  3 gnolls (D:6)
  8 adders
  89 river rats
  A shadow imp (D:6)
  12 white imps (Lair:7)
  2 oozes
  3 adder skeletons
  2 adder zombies (D:6)
  4 worms
  8 giant geckos
  24 orcs
  5 giant cockroaches
  10 goblins
  6 hobgoblins
  5 jackals
  2 quokkas
  A ball python (D:4)
  6 bats
  A bat simulacrum (Ossuary)
  2 giant gecko skeletons
  A giant gecko zombie (D:9)
  6 giant newts
  5 gnoll zombies (Ossuary)
  3 goblin simulacra (Ossuary)
  4 goblin zombies (Ossuary)
  6 hobgoblin zombies (Ossuary)
  12 kobolds
  6 kobold simulacra (Ossuary)
  2 kobold zombies (Ossuary)
  An orc skeleton (D:6)
  8 orc zombies
  A quokka skeleton (D:4)
  A quokka zombie (D:7)
  9 rats
  A rat simulacrum (Ossuary)
  4 spectral goblins (Ossuary)
  2 spectral kobolds (Ossuary)
  2 spectral rats (Ossuary)
  3 fungi
  2 plants (Lair:3)
595 creatures vanquished.

Vanquished Creatures (others)
  3 humans (Lair:6)
  A goblin simulacrum (Ossuary)
  26 fungi
  30 plants
60 creatures vanquished.

Grand Total: 655 creatures vanquished

Notes
Turn   | Place    | Note
--------------------------------------------------------------
     0 | D:1      | mrath the Hill Orc Berserker began the quest for the Orb.
     0 | D:1      | Reached XP level 1. HP: 19/19 MP: 1/1
   346 | D:1      | Reached XP level 2. HP: 26/26 MP: 2/2
   359 | D:1      | Reached skill level 4 in Maces & Flails
   775 | D:1      | Reached XP level 3. HP: 27/31 MP: 3/3
   969 | D:1      | Reached ** piety under Trog
  1374 | D:2      | Noticed Sigmund
  1650 | D:2      | Reached skill level 5 in Maces & Flails
  1689 | D:2      | Found a deep blue altar of Sif Muna.
  1988 | D:2      | Noticed Crazy Yiuf
  2002 | D:2      | Killed Crazy Yiuf
  2002 | D:2      | Reached XP level 4. HP: 3/39 MP: 2/4
  2343 | D:2      | Noticed Natasha
  2352 | D:2      | Killed Natasha
  2624 | D:3      | Reached skill level 6 in Maces & Flails
  2633 | D:3      | Reached XP level 5. HP: 6/45 MP: 5/5
  3186 | D:3      | Noticed FrancescoMac's ghost (amateur KoAs)
  3221 | D:2      | Killed Sigmund
  3221 | D:2      | Reached skill level 7 in Maces & Flails
  3221 | D:2      | Reached XP level 6. HP: 51/51 MP: 6/6
  3277 | D:2      | Noticed Natasha
  3290 | D:2      | Killed Natasha
  3290 | D:2      | Reached skill level 8 in Maces & Flails
  3545 | D:3      | Found an oddly glowing altar of Pakellas.
  3756 | D:3      | Reached *** piety under Trog
  3960 | D:3      | Killed FrancescoMac's ghost
  3960 | D:3      | Reached XP level 7. HP: 58/58 MP: 7/7
  4046 | D:4      | Reached skill level 1 in Shields
  4359 | D:4      | Noticed an air elemental
  4361 | D:4      | Found a stormy altar of Qazlal.
  4371 | D:4      | Got a transparent whip
  4373 | D:4      | Identified the +8 whip of Magnificence {drain, +Fly} (You found it on level 4 of the Dungeon)
  4381 | D:4      | Noticed a fire elemental
  4381 | D:4      | Noticed a water elemental
  4450 | D:4      | Found Hoamoez's Assorted Antiques.
  4481 | D:4      | Found a bloodstained altar of Trog.
  4789 | D:5      | Entered Level 5 of the Dungeon
  4833 | D:5      | Reached XP level 8. HP: 59/67 MP: 8/8
  5095 | D:5      | Found Loteras's Elemental Accessories.
  5121 | D:5      | Reached skill level 5 in Fighting
  5451 | D:5      | Noticed Prince Ribbit
  5477 | D:5      | Killed Prince Ribbit
  5668 | D:5      | Found Ikistum's Book Shop.
  5921 | D:5      | Found a staircase to the Ecumenical Temple.
  6141 | D:6      | Reached **** piety under Trog
  6141 | D:6      | Reached skill level 9 in Maces & Flails
  6143 | D:6      | Reached skill level 5 in Armour
  6177 | D:6      | Reached XP level 9. HP: 64/75 MP: 9/9
  6258 | D:6      | Found Cuurusen's Weapon Boutique.
  6682 | D:6      | Found a sand-covered staircase.
  6693 | Ossuary  | Entered an ossuary
  6693 | Ossuary  | Noticed kae's ghost (novice HOFi)
  6709 | Ossuary  | Killed kae's ghost
  7063 | Ossuary  | Reached skill level 5 in Shields
  8147 | Temple   | Entered the Ecumenical Temple
  8436 | D:7      | Got a dull robe
  8514 | D:7      | Reached skill level 10 in Maces & Flails
  8514 | D:7      | Reached XP level 10. HP: 77/86 MP: 10/10
  8874 | D:7      | Noticed Dowan
  8880 | D:7      | Noticed Duvessa
  8894 | D:7      | Killed Duvessa
  8906 | D:7      | Killed Dowan
  9157 | D:7      | Got a polished hunting sling
  9177 | D:7      | Identified the +5 hunting sling "Transmigrator" {freeze, *Drain MR+ Str+4} (You found it on level 7 of the Dungeon)
  9316 | D:8      | Reached skill level 5 in Dodging
  9434 | D:8      | Reached ***** piety under Trog
  9488 | D:8      | Reached skill level 1 in Evocations
  9494 | D:8      | Found Witriz's Gadget Emporium.
  9853 | D:8      | Noticed a hill giant
  9859 | D:8      | Killed a hill giant
 10465 | D:9      | Noticed Gagarin's ghost (novice DrGl)
 10483 | D:9      | Killed Gagarin's ghost
 10601 | D:9      | Reached XP level 11. HP: 72/95 MP: 11/13
 11000 | D:9      | Reached skill level 11 in Maces & Flails
 11042 | D:9      | Found a staircase to the Lair.
 11375 | Lair:1   | Entered Level 1 of the Lair of Beasts
 11457 | Lair:1   | Found a labyrinth entrance.
 11466 | Lab      | Entered a labyrinth
 12258 | Lab      | Noticed a minotaur
 12268 | Lab      | Killed a minotaur
 12273 | Lab      | Got a vibrating platinum ring
 12556 | Lab      | Got a fine quarterstaff
 12556 | Lab      | Got a shimmering mottled dragon armour
 12619 | Lair:1   | Noticed a six-headed hydra
 12632 | Lair:1   | Killed a six-headed hydra
 12797 | Lair:1   | Identified the +5 mottled dragon armour of the Wild Haggis {Stlth+} (You found it in a labyrinth)
 13511 | Lair:2   | Reached XP level 12. HP: 105/105 MP: 15/15
 13831 | Lair:2   | Noticed an eight-headed hydra
 13849 | Lair:2   | Killed an eight-headed hydra
 13849 | Lair:2   | Reached skill level 5 in Evocations
 14059 | Lair:2   | Reached skill level 10 in Fighting
 14125 | Lair:2   | Received a gift from Trog
 14319 | Lair:2   | Got a warped arbalest
 14396 | Lair:2   | Identified the ring "Ifroor" {Ice *Confuse rPois rN++ Dex+4} (You found it in a labyrinth)
 15171 | Lair:3   | Noticed a four-headed hydra
 15180 | Lair:3   | Killed a four-headed hydra
 15406 | Lair:3   | Reached skill level 12 in Maces & Flails
 15414 | Lair:3   | Found a staircase to the Swamp.
 15563 | Lair:3   | Got an encrusted ring mail
 15609 | Lair:3   | Identified the +8 ring mail "Emuc" {*Drain rCorr MP+9 SInv} (You found it on level 3 of the Lair of Beasts)
 16200 | Lair:3   | Found a hole to the Spider Nest.
 17094 | Lair:4   | Noticed a six-headed hydra
 17107 | Lair:4   | Killed a six-headed hydra
 17115 | Lair:4   | Reached XP level 13. HP: 114/114 MP: 17/17
 17137 | Lair:4   | Reached ****** piety under Trog
 17539 | Lair:4   | Reached skill level 10 in Armour
 18511 | Lair:5   | Received a gift from Trog
 18538 | Lair:5   | Got a steaming demon blade {god gift}
 18539 | Lair:5   | Identified the +7 demon blade "Baitziag" {antimagic, rF+ rN+ Str+3} (Trog gifted it to you on level 5 of the Lair of Beasts)
 19090 | Lair:6   | Noticed Kirke
 19216 | Lair:5   | Reached skill level 10 in Shields
 19317 | Lair:6   | Noticed Josephine
 19377 | Lair:6   | Killed Kirke
 19680 | Lair:6   | Killed Josephine
 19975 | Lair:6   | Got a brightly glowing leather armour
 20053 | Lair:6   | Found a viscous altar of Jiyva.
 20053 | Lair:6   | Found a staircase to the Slime Pits.
 20238 | Lair:7   | Reached skill level 13 in Maces & Flails
 20496 | Lair:7   | Found a frozen archway.
 21020 | Lair:7   | Got a crystal hand crossbow
 21157 | Lair:6   | Reached XP level 14. HP: 92/125 MP: 19/19
 21358 | Lair:7   | Got a polished trident
 21425 | Lair:7   | Got a jewelled plate armour
 21976 | Lair:7   | Received a gift from Trog
 22307 | Lair:2   | Identified the +9 hand crossbow of Twilight {elec, Dex+2} (You found it on level 7 of the Lair of Beasts)
 22316 | Lair:2   | Identified the +6 trident of Leduwn {pierce, rElec Str+2 Dex+3} (You found it on level 7 of the Lair of Beasts)
 22326 | Lair:2   | Identified the +5 plate armour of Leaves {rElec rN+++ Str-3 Dex-3} (You found it on level 7 of the Lair of Beasts)
 22599 | Lair:8   | Entered Level 8 of the Lair of Beasts
 23467 | Lair:8   | Received a gift from Trog
 23627 | Lair:7   | HP: 4/127 [catoblepas (10)]
 23631 | Lair:7   | Mangled by a catoblepas

Vault maps used:
D:1:      minmay_arrival_shattered_statue
D:2:      led_sif_pool, uniq_crazy_yiuf_cottage, uniq_natasha, uniq_sigmund
D:3:      lemuel_doored_altar, first_bread
D:4:      nicolae_qazlal_style_of_elements, kennysheep_little_box, serial_shops,
          shop
D:5:      minmay_temple_entry_from_below_a, serial_shops, shop,
          kb_lookout_dungeons_type, nicolae_elemental_shop, uniq_prince_ribbit1
D:6:      nicolae_ossuary_entry_catacombs, serial_shops, shop,
          nrook_mini_backslash
D:7:      serial_corexii_hall, corexii_hall_statues_x, corexii_hall_statues_l,
          uniq_duvessa
D:8:      serial_shops, kennysheep_mini_moat
D:9:      david_lair_shrubbed, kennysheep_cross_room, hangedman_fish_farm,
          bh_walls_and_bars
Temple:   nicolae_temple_elliptical
Lair:1:   lab_entry_generic
Lair:2:   grunt_megastairs_4
Lair:3:   minmay_lair_oklob_tunnel, nicolae_swamp_entry_splash_gauntlet,
          nicolae_spider_entry_non_spiders, infiniplex_staircase_pool_2,
          lemuel_fruit_tree
Lair:4:   minivault_23, grunt_megastairs_2, serial_bayou_shore_b
Lair:6:   dpeg_slime_entry_enclosed_altar, uniq_kirke, uniq_josephine
Lair:7:   enter_volcano_3, portal_ice_cave_entry_imps, bh_chokoban,
          serial_bayou_crossing
Lair:8:   evil_forest, serial_bayou_pond_b, nicolae_lair_yak_garden
Lab:      labyrinth_hidden_loot, nicolae_lab_starburst, lab_statue,
          nicolae_lab_t_cross, nicolae_lab_lava
Ossuary:  ossuary_zaba_two_paths

Action                   |  1- 3 |  4- 6 |  7- 9 | 10-12 | 13-15 || total
-------------------------+-------+-------+-------+-------+-------++-------
Melee: Mace              |   120 |   139 |    43 |       |       ||   302
       Whip              |       |       |   419 |   861 |   925 ||  2205
 Fire: Hunting sling     |       |       |       |     2 |       ||     2
       Greatsling        |       |       |       |     2 |       ||     2
       Hand crossbow     |       |       |       |       |    13 ||    13
Throw: Stone             |     8 |       |     1 |     3 |       ||    12
       Tomahawk          |       |    13 |    21 |    72 |    11 ||   117
Invok: Berserk           |     1 |     4 |       |     8 |     3 ||    16
       Trog's Hand       |     1 |     2 |       |     2 |     2 ||     7
       Burn Spellbooks   |       |       |     1 |     3 |     3 ||     7
  Use: Scroll            |       |       |     6 |     4 |     6 ||    16
       Potion            |       |       |     1 |       |     2 ||     3
 Stab: Sleeping          |       |       |       |     5 |     6 ||    11
  Eat: Chunk             |     3 |    11 |     7 |    23 |    21 ||    65
       Royal jelly       |       |       |     1 |       |       ||     1
       Beef jerky        |       |       |     1 |     2 |     2 ||     5
       Bread ration      |       |       |     1 |       |       ||     1
       Pizza             |       |       |     1 |       |       ||     1
       Fruit             |       |       |       |     5 |       ||     5
       Meat ration       |       |       |       |     1 |       ||     1
